AoeStats
← zar

Arena

509544868Analyzed
4v4 RM · 4d ago on Sep 27, 2026· 45m 35s· 8 players
Game mode
Random Map
Map size
Large (8 player)
Population
200
Speed
Normal
Resources
Standard
Victory
Conquest
Starting age
Dark Age
Ending age
Imperial Age
RankedLock teamsTeams togetherTeam positionsShared explorationLock speedFull tech treeHidden civsTurbo modeCheats
Victory
Defeat
🇦🇷 Celts · Argentina
1018
+14
🇨🇴 Dravidians · Colombia
1014
+14
🇨🇦 Danes · Canada
978
+16
🇦🇷 Aztecs · Argentina
944
+17
🇵🇪 Aztecs · Peru
1023
-17
🇵🇪 Turks · Peru
974
-15
🇵🇪 Chinese · Peru
968
-15
🇵🇪 Khmer · Peru
944
-14
Mon Coeur
9:50 Feudal Age
10:11 Feudal Age
11:34 Double-Bit Axe
14:01 Castle Age
14:52 Bow Saw
15:41 Horse Collar
19:20 Scale Mail Armor
20:27 Atonement
24:34 Sanctity
24:24 Fervor
24:25 Redemption
24:34 Gambesons
25:06 Chain Mail Armor
25:26 Forging
24:57 Eagle Warrior
26:11 Squires
26:41 Gold Mining
30:11 Wheelbarrow
33:17 Iron Casting
34:27 Gold Shaft Mining
36:41 Imperial Age
36:03 Arson
37:15 Devotion
37:42 Hand Cart
37:17 Elite Eagle Warrior
38:40 Plate Mail Armor
39:56 Blast Furnace
40:04 Block Printing
40:20 Heavy Plow
41:04 Theocracy
42:30 Loom
olavidps
5:42 Loom
9:47 Feudal Age
15:27 Castle Age
14:38 Double-Bit Axe
17:21 Bow Saw
19:15 Stone Mining
23:54 Gold Mining
44:00 Gold Shaft Mining
Skynet
12:20 Feudal Age
17:03 Castle Age
24:31 Imperial Age
22:25 Double-Bit Axe
22:22 Horse Collar
22:34 Gold Mining
25:00 Bow Saw
37:57 Forging
37:52 Scale Barding Armor
37:49 Scale Mail Armor
38:29 Squires
42:24 Husbandry
43:24 Bloodlines
43:55 Iron Casting
43:28 Scale Barding Armor
zar
0:32 Loom
12:34 Feudal Age
19:14 Castle Age
18:40 Padded Archer Armor
20:14 Forging
20:44 Scale Mail Armor
22:21 Double-Bit Axe
24:17 Crossbowman
Cheblin
7:25 Loom
11:49 Feudal Age
15:41 Castle Age
14:44 Double-Bit Axe
15:17 Horse Collar
16:39 Bow Saw
20:37 Town Watch
21:17 Scale Mail Armor
29:40 Heavy Plow
30:20 Wheelbarrow
30:16 Gold Mining
30:16 Stone Mining
32:18 Chain Mail Armor
32:13 Forging
35:09 Town Patrol
38:54 Imperial Age
37:43 Gold Shaft Mining
37:43 Stone Shaft Mining
39:54 Iron Casting
40:23 Conscription
39:58 Fletching
40:29 Furor Celtica
40:01 Capped Ram
41:13 Plate Mail Armor
41:44 Blast Furnace
41:08 Ballistics
41:48 Chemistry
40:55 Siege Engineers
42:17 Hand Cart
42:58 Bodkin Arrow
43:08 Siege Ram
43:50 Arson
44:39 Elite Woad Raider
Joy Games Interactive
10:12 Feudal Age
10:46 Double-Bit Axe
10:45 Horse Collar
14:14 Loom
18:06 Castle Age
16:44 Stone Mining
17:10 Gold Mining
18:56 Bow Saw
20:16 Sanctity
22:11 Squires
31:43 Sanctity
31:37 Fervor
vmnS;DEVNw;ibFJCQWf'j
2:07 Loom
11:42 Feudal Age
16:12 Castle Age
14:23 Horse Collar
16:12 Double-Bit Axe
19:42 Heavy Plow
20:06 Gold Mining
21:34 Wheelbarrow
26:38 Hand Cart
26:51 Bow Saw
26:44 Light Cavalry
27:34 Bloodlines
28:30 Squires
28:41 Gambesons
30:55 Bloodlines
34:07 Scale Mail Armor
34:19 Forging
37:59 Chain Mail Armor
39:13 Arson
42:01 Imperial Age
40:28 Pikeman
43:13 Husbandry
43:11 Capped Ram
44:22 Hamask
Rattlehead
8:51 Loom
11:39 Feudal Age
15:38 Castle Age
14:01 Double-Bit Axe
23:45 Husbandry
26:07 Forging
26:03 Scale Barding Armor
28:08 Wheelbarrow
29:59 Chain Barding Armor
34:43 Imperial Age
32:47 Gold Mining
33:21 Bow Saw
36:25 Medical Corps
36:18 Man-at-Arms
36:59 Squires
36:44 Gambesons
36:50 Horse Collar
38:12 Two-Man Saw
38:09 Iron Casting
39:27 Hand Cart
39:02 Long Swordsman
39:28 Arson
40:45 Blast Furnace
39:45 Scale Mail Armor
40:19 Two-Handed Swordsman
41:57 Wootz Steel
41:58 Conscription
41:11 Champion
42:23 Stone Mining
Connection lost

Rejoining the realm…

Still unreachable

The connection could not be restored.

Session expired

The server has moved on; the page needs a fresh start.